 Dungeon Crawl Stone Soup version 0.29-a0-384-g6960b1960d (webtiles) character file.

Game seed: 16454610154955579722

158 bande the Covered (level 5, -3/33 HPs)
             Began as a Gargoyle Fighter on May 8, 2022.
             Slain by Crazy Yiuf
             ... wielding a +4 quarterstaff of chaos
              (5 damage)
             ... on level 3 of the Dungeon.
             The game lasted 00:04:17 (2811 turns).

bande the Covered (Gargoyle Fighter)                Turns: 2811, Time: 00:04:18

Health: -3/33      AC: 13    Str: 20    XL:     5   Next: 40%
Magic:  3/5        EV:  7    Int:  8    God:
Gold:   214        SH:  4    Dex: 11    Spells: 4/4 levels left

rFire   + . .      SeeInvis .   a - +0 war axe
rCold   . . .      Faith    .   c - +0 buckler
rNeg    + . .      Spirit   .   i - +0 chain mail
rPois   ∞          Reflect  .   (no helmet)
rElec   +          Harm     .   (no cloak)
rCorr   .          Rampage  .   (no gloves)
Will    +....                   (no boots)
Stlth   ..........              (no amulet)
HPRegen 0.11/turn               e - ring of willpower
MPRegen 0.09/turn               b - ring of protection from fire

@: no status effects
A: sickness immunity, AC +4, negative energy resistance 1, electricity
resistance, torment resistance 1, petrification resistance
a: no special abilities


You were on level 3 of the Dungeon.
You visited 1 branch of the dungeon, and saw 3 of its levels.

You collected 214 gold pieces.

Inventory:

Hand Weapons
 a - a +0 war axe (weapon)
 p - a +0 war axe
Armour
 c - a +0 buckler (worn)
 i - a +0 chain mail (worn)
Jewellery
 b - a ring of protection from fire (right hand)
 e - a ring of willpower (left hand)
 j - a ring of ice
 l - an amulet of the acrobat
Scrolls
 g - 2 scrolls of identify
 n - 3 scrolls of teleportation {unknown}
 o - a scroll of summoning {unknown}
 r - a scroll of vulnerability {unknown}
 s - 2 scrolls of brand weapon {unknown}
 u - a scroll of immolation {unknown}
Potions
 d - a potion of might
 f - 3 potions of lignification {unknown}
 h - a potion of resistance {unknown}
 k - a potion of curing {unknown}
 m - a potion of heal wounds {unknown}
 q - 2 potions of cancellation
 t - a potion of haste {unknown}


   Skills:
 + Level 4.0 Fighting
 + Level 3.4 Axes
 + Level 4.2 Armour
 + Level 1.0 Stealth
 + Level 3.8 Shields


You had 4 spell levels left.
You didn't know any spells.
Your spell library contained the following spells:

 Spells                   Type           Power      Damage    Failure   Level
 Foxfire                  Conj/Fire      0%         2x1d4     99%         1
 Wereblood                Tmut           0%         N/A       100%        2
 Conjure Flame            Conj/Fire      0%         6-21      100%        3
 Inner Flame              Hex/Fire       0%         N/A       100%        3
 Flame Wave               Conj/Fire      0%         2d4       100%        4
 Hailstorm                Conj/Ice       0%         3d3       100%        4
 Ice Form                 Ice/Tmut       0%         N/A       100%        4
 Simulacrum               Ice/Necr       0%         N/A       100%        6
 Summon Hydra             Summ           0%         N/A       100%        7
 Sublimation of Blood     Necr           Unusable   N/A       N/A         2

Dungeon Overview and Level Annotations

Branches:
Dungeon (3/15)

Altars:
Nemelex Xobeh

Annotations:
D:3 Crazy Yiuf


Innate Abilities, Weirdness & Mutations

You are immune to sickness and miasma.
Your stone body is resilient. (AC +4)
You are immune to poison.
You resist negative energy. (rN+)
You are resistant to electric shocks. (rElec)
You are resistant to unholy torment.
You are immune to petrification.


Message History

No target in view!
No target in view!
No target in view!
No target in view!
No target in view!
An endoplasm comes into view.
The endoplasm quivers.
An endoplasm is nearby!
An endoplasm is nearby!
The endoplasm freezes you.
You are frozen.
You slash the endoplasm!
You kill the endoplasm!
No target in view!
No target in view!
No target in view!
No target in view!
Things that are here:
a +0 dagger; an orc skeleton Crazy Yiuf shouts!
Could not explore, unopened runed door.
No reachable target in view!
No reachable target in view!
No reachable target in view!
You open the door. You closely miss Crazy Yiuf.
Crazy Yiuf whimpers, "Trifle agre poople!"
Crazy Yiuf hits you with a +4 quarterstaff of chaos!
You closely miss Crazy Yiuf.
Crazy Yiuf hits you with a +4 quarterstaff of chaos! x2
* * * LOW HITPOINT WARNING * * *
You feel your power leaking away.
You hit Crazy Yiuf but do no damage.
Crazy Yiuf says, "Iron fast arga!"
Crazy Yiuf hits you with a +4 quarterstaff of chaos.
* * * LOW HITPOINT WARNING * * *
You hit Crazy Yiuf.
Crazy Yiuf is moderately wounded.
Crazy Yiuf hits you with a +4 quarterstaff of chaos.
You die...

.#
#.####....#
.# #.#
#....# .#
#.# #....#
## #.#
##...# #.#
##.##
########.#
##.#
###........#
#.##
#.#.#.######
##.#
......####
#@##
#.#.#....#
#g#
......##.###
...
#.#.####...#
#...# .....#
##### #)..#
#.#.###
#####
......#
#.#.#.######
###
..###......#
##.#


You could see Crazy Yiuf.

Vanquished Creatures
  A hound (D:2)
  Natasha (D:3)
  4 adders
  3 worms
  2 dart slugs (D:2)
  An orc (D:3)
  3 ball pythons (D:3)
  7 endoplasms
  5 giant cockroaches
  4 hobgoblins
  3 quokkas
  7 bats
  6 frilled lizards
  A goblin (D:3)
  5 kobolds
  4 rats
57 creatures vanquished.

Vanquished Creatures (others)
  7 plants (D:3)
7 creatures vanquished.

Grand Total: 64 creatures vanquished

Notes
Turn   | Place    | Note
-------+----------+-------------------------------------------
     0 | D:1      | bande the Gargoyle Fighter began the quest for the Orb.
     0 | D:1      | Reached XP level 1. HP: 14/14 MP: 1/1
    57 | D:1      | You fall into a shaft and drop 1 floor!
    83 | D:2      | Reached XP level 2. HP: 17/19 MP: 2/2
   336 | D:2      | Found a sparkling altar of Nemelex Xobeh.
   479 | D:2      | Reached XP level 3. HP: 24/24 MP: 3/3
   899 | D:1      | Found a faded altar of an unknown god.
  1573 | D:2      | Reached XP level 4. HP: 29/29 MP: 4/4
  2124 | D:3      | Found a runed translucent door.
  2125 | D:3      | Noticed Crazy Yiuf
  2182 | D:3      | Noticed Natasha
  2194 | D:3      | Killed Natasha
  2195 | D:3      | Reached XP level 5. HP: 21/33 MP: 5/5
  2439 | D:3      | Reached skill level 1 in Stealth
  2811 | D:3      | Slain by Crazy Yiuf

Illustrated notes

Levels and vault maps discovered:
D:1:      heliophobic_arrival_henge, layout_basic,
          hellmonk_ecumenical_altar_lost_god
D:2:      minmay_spotlight, layout_basic, basic_altar
D:3:      layout_loops_cross, st_stairs_9, minmay_shallow_snake_nest,
          uniq_natasha, uniq_crazy_yiuf_cottage

Skill      XL: |  1  2  3  4  5 |
---------------+----------------+-----
Axes           | 2 3 |  3.4
Armour         | 4 |  4.2
Fighting       | 4 |  4.0
Stealth        | 1 |  1.0
Shields        | |  3.8

Action                   |  1- 3 |  4- 6 || total
-------------------------+-------+-------++-------
Melee: War axe           |    82 |    68 ||   150
  Use: Scroll            |     2 |       ||     2
Armor: Scale mail        |    43 |     1 ||    44
       Chain mail        |       |    41 ||    41
Dodge: Dodged            |    35 |    22 ||    57
Block: Buckler           |    16 |    12 ||    28

Table legend: (Time is in decaauts)
 A = Elapsed time spent in this place.
 B = Non-inter-level travel time spent in this place.
 C = Inter-level travel time spent in this place.
 D = Time resting spent in this place.
 E = Time spent auto-exploring this place.
 F = Levels seen in this place.
 G = Mean time per level.
                   A        B        C        D        E       F      G
               +--------+--------+--------+--------+--------+-----+--------+
         Total |   2873 |   2809 |     64 |    106 |   2199 |   3 |  957.7 |
       Dungeon |   2873 |   2809 |     64 |    106 |   2199 |   3 |  957.7 |
               +--------+--------+--------+--------+--------+-----+--------+

Top non-repeatable levels by time:
     D:2: 1106 daAuts
     D:3: 1063 daAuts
     D:1: 703 daAuts
